 Dungeon Crawl Stone Soup version 0.29.1-12-g30fa7ad0bf (webtiles) character file.

Game seed: 10813801881742575207

16176 gorgon the Convoker (level 12, -2/74 HPs)
             Began as a Barachi Summoner on Dec 17, 2022.
             Was a Follower of Yredelemnul.
             Slain by a yak (9 damage)
             ... on level 11 of the Dungeon on Dec 30, 2022.
             The game lasted 02:21:15 (18490 turns).

gorgon the Convoker (Barachi Summoner)             Turns: 18490, Time: 02:21:15

Health: -2/74      AC: 10    Str: 17    XL:     12   Next: 34%
Magic:  32/35      EV: 12    Int: 18    God:    Yredelemnul [*.....]
Gold:   685        SH:  0    Dex: 16    Spells: 16/32 levels left

rFire   . . .      SeeInvis .   a - +3 short sword of Fabulous Cruel Justice {freeze, rPois}
rCold   . . .      Faith    .   (no shield)
rNeg    . . .      Spirit   .   M - +0 acid dragon scales
rPois   +          Reflect  .   (helmet restricted)
rElec   .          Harm     .   (no cloak)
rCorr   +          Rampage  .   F - +0 pair of gloves
Will    .....                   J - +2 pair of boots
Stlth   ++........              C - amulet of magic regeneration
HPRegen 0.22/turn               m - ring of magical power
MPRegen 0.64/turn               E - +6 ring of strength

@: unable to hop, slow
A: amphibious, slowness 1, strong legs 1, +LOS, antennae 1, agile 1
a: Hop, Renounce Religion, Recall Undead Harvest


You were on level 11 of the Dungeon.
You worshipped Yredelemnul.
Yredelemnul was noncommittal.
You visited 2 branches of the dungeon, and saw 13 of its levels.
You also visited: Ossuary and Ice Cave.

You collected 685 gold pieces.

Inventory:

Hand Weapons
 a - the +3 short sword of Fabulous Cruel Justice (weapon) {freeze, rPois}
   (You found it on level 3 of the Dungeon)

   It freezes those it strikes, dealing additional cold damage.
   It can also slow down cold-blooded creatures.
   rPois:     It protects you from poison.
 b - a +0 halberd
Missiles
 i - 114 stones
 S - 2 throwing nets
Armour
 F - a +0 pair of gloves (worn)
 J - a +2 pair of boots (worn)
 M - +0 acid dragon scales (worn)
Magical Staves
 V - a staff of air
Jewellery
 j - a ring of positive energy
 m - a ring of magical power (left hand)
 C - an amulet of magic regeneration (around neck)
 E - a +6 ring of strength (right hand)
 I - a ring of protection from fire
 N - a +6 ring of strength
 O - a ring of flight
 Q - a +6 ring of intelligence
Wands
 v - a wand of mindburst (26)
 w - a wand of acid (7)
 B - a wand of charming (26)
 D - a wand of iceblast (13)
Scrolls
 c - 2 scrolls of poison
 h - a scroll of identify
 k - 3 scrolls of enchant weapon
 n - 4 scrolls of teleportation
 p - 3 scrolls of magic mapping {unknown}
 r - 2 scrolls of vulnerability
 y - a scroll of amnesia
 z - 2 scrolls of noise
 A - a scroll of immolation
 G - a scroll of summoning
 K - 2 scrolls of fear
 T - a scroll of silence
Potions
 d - 9 potions of might
 f - 3 potions of brilliance
 g - 2 potions of invisibility
 l - 5 potions of heal wounds
 o - 2 potions of berserk rage {unknown}
 q - 3 potions of lignification
 s - 2 potions of magic
 t - 4 potions of mutation
 u - 3 potions of flight {unknown}
 x - 4 potions of curing
 H - 2 potions of attraction {unknown}
 L - a potion of cancellation {unknown}
 P - 2 potions of haste {unknown}
 U - 2 potions of degeneration {unknown}


   Skills:
 - Level 1.3 Polearms
 - Level 2.1 Dodging
 - Level 1.7 Stealth
 + Level 10.7 Spellcasting
 * Level 8.4 Conjurations
 - Level 16.0 Summonings
 + Level 7.0 Fire Magic
 - Level 2.0 Ice Magic
 - Level 3.0 Air Magic


You had 16 spell levels left.
You knew the following spells:

 Your Spells              Type           Power      Damage    Failure   Level
a - Summon Lightning Spi  Summ/Air       43%        N/A       1%          4
c - Call Canine Familiar  Summ           61%        N/A       1%          3
s - Summon Cactus Giant   Summ           30%        N/A       2%          6
x - Call Imp              Summ           61%        N/A       1%          2
z - Summon Small Mammal   Summ           100%       N/A       0%          1

Your spell library contained the following spells:

 Spells                   Type           Power      Damage    Failure   Level
 Magic Dart               Conj           100%       1d8       1%          1
 Scorch                   Fire           68%        2d8       1%          2
 Searing Ray              Conj           80%        2d7       1%          2
 Summon Guardian Golem    Hex/Summ       38%        N/A       1%          3
 Freeze                   Ice            64%        1d8       4%          1
 Flame Wave               Conj/Fire      37%        2d10      4%          4
 Dazzling Flash           Conj/Hex       48%        N/A       5%          3
 Stone Arrow              Conj/Erth      48%        3d10      5%          3
 Iskenderun's Battlesphe  Conj           40%        2d9       9%          5
 Sandblast                Erth           18%        2d7       10%         1
 Ensorcelled Hibernation  Hex/Ice        26%        N/A       10%         2
 Hailstorm                Conj/Ice       28%        3d8       12%         4
 Frozen Ramparts          Ice            32%        1d5       13%         3
 Passwall                 Tmut/Erth      7%         N/A       16%         2
 Fulminant Prism          Conj/Hex       12%        3d9       17%         4
 Iskenderun's Mystic Bla  Conj/Tloc      24%        2d7       17%         4
 Confusing Touch          Hex            9%         N/A       30%         3
 Gell's Gravitas          Tloc           9%         N/A       30%         3
 Lesser Beckoning         Tloc           9%         N/A       30%         3
 Spider Form              Tmut/Pois      9%         N/A       30%         3
 Teleport Other           Tloc           9%         N/A       30%         3
 Spellforged Servitor     Conj/Summ      26%        N/A       50%         7
 Starburst                Conj/Fire      18%        6d7       54%         6
 Anguish                  Hex/Necr       4%         N/A       69%         4
 Yara's Violent Unravell  Hex/Tmut       4%         3d4       95%         5
 Iron Shot                Conj/Erth      12%        9d3       95%         6
 Enfeeble                 Hex            4%         N/A       100%        7


Dungeon Overview and Level Annotations

Branches:
Dungeon (12/15)            Temple (1/1) D:6            Lair (0/5) D:11
Ossuary (visited)           IceCv (visited)
    Orc: D:9-12

Altars:
Ashenzari
Cheibriados
Dithmenos
Elyvilon
Fedhas
Gozag
Hepliaklqana
Kikubaaqudgha
Makhleb
Nemelex Xobeh
Okawaru
Qazlal
Ru
Sif Muna
Trog
Uskayaw
Vehumet
Wu Jian
Xom
Yredelemnul
Zin
The Shining One

Annotations:
D:1 exclusion: downstairs
D:10 Fannar


Innate Abilities, Weirdness & Mutations

You are amphibious.
You cover ground slowly.
You can hop short distances.
You have an extended range of vision and can be seen from far away.
You have a pair of small antennae on your head.
You are agile. (Dex +4, Str/Int -1)


Message History

The yak is struck by your cactus giant's spines.
The yak gores your cactus giant! The yak attacks as you move away!
The yak closely misses you.
Your cactus giant barely misses the yak.
The yak is struck by your cactus giant's spines.
The yak dies!
The dead are walking!
The yak gores your lightning spire.
Your Fire Magic skill increases to level 7!
Casting: Summon Lightning Spire (dangerous; 1% risk of failure)
Confirm with . or Enter, or press ? or * to list all spells.
The yak barely misses your lightning spire.
The yak gores your lightning spire.
Your warg bites the yak!
Your warg bites the yak but does no damage.
The yak gores your lightning spire!
Your warg barely misses the yak.
The yak barely misses your lightning spire.
Your cactus giant hits the yak with a +0 giant spiked club.
Press: ? - help, v - describe, . - travel
Here: a troll The floor.
As you read the scroll of fog, it crumbles to dust.
The scroll dissolves into smoke.
The troll bites you but does no damage. The troll barely misses you.
The troll claws you. The troll bites you!
* * * LOW HITPOINT WARNING * * *
The troll claws you but does no damage. The troll claws you.
* * * LOW HITPOINT WARNING * * *
The troll attacks as you move away! The troll bites you.
* * * LOW HITPOINT WARNING * * *
The troll completely misses you. The troll misses you.
Your warg bites the yak.
The troll bites your warg! The troll claws your warg.
The troll closely misses your warg. The yak closely misses your warg.
Your warg bites the yak!
Something bites your warg but does no damage.
Something claws your warg. x2; Something gores your warg!
Your warg dies!
Your warg's corpse disappears in a puff of smoke!
The troll bites your yak zombie! The troll claws your yak zombie. x2
The yak gores you!
You die...
Your body rises from the dead as a mindless zombie.

####'#......+....#........#.....#
.....#......#....'........#.....#
#....#..###.#....#.####...#.....#
#....'..# #.#§§§.#........#......
.....#..# #.#§§§.####'###########
.....#..# #.#§§§8.§......#...Z.ZZ
.....#..###.#§§§§§§......#..###..
.....#......#§TCY........#..# #..
######......#§§Z@........#..# #..
............#§.........>.#..###..
.##.........#####)########.......
.##......#.......................
.##......#.....##................
.##......#.....##..............[.
.##......#.....##..............#.
.##<.....#.....##..............#.
.##............##................


You could see a yak (ally target), a troll (ally target), a friendly cactus
giant (summoned) and a friendly yak zombie.

Vanquished Creatures
  4 phantoms
  A wight (D:7)
  An electric eel (D:10)
  2 hounds
  An iguana (D:5)
  An orc wizard (D:6)
  A spriggan simulacrum (IceCv)
  3 adders
  5 orcs
  2 endoplasms (D:4)
  4 giant cockroaches
  A gnoll zombie (Ossuary)
  2 goblins (D:4)
  2 hobgoblins
  3 quokkas
  A bat (D:2)
  A bat simulacrum (Ossuary)
  A frilled lizard (D:2)
  2 goblin simulacra (Ossuary)
  3 goblin zombies (Ossuary)
  5 kobolds
  An orc zombie (Ossuary)
  A rat (D:2)
  A rat simulacrum (Ossuary)
  2 spectral goblins (Ossuary)
  A spectral kobold (Ossuary)
  A spectral rat (Ossuary)
53 creatures vanquished.

Vanquished Creatures (collateral kills)
  Erolcha (D:11)
  A boulder beetle (D:11)
  A two-headed ogre (D:8)
  Urug (D:11)
  4 skeletal warriors (D:11)
  A cyclops (D:11)
  An ugly thing (D:11)
  Maggie (D:10)
  2 gargoyles
  A komodo dragon (D:11)
  A kobold demonologist (D:10)
  A nameless horror (IceCv)
  2 trolls
  Sigmund (D:2)
  A vampire (D:11)
  A wraith (D:11)
  Eustachio (D:5)
  A death yak simulacrum (IceCv)
  12 yaks
  3 vampire mosquitoes (D:11)
  2 water moccasins
  3 acid dragons
  An orc warrior (D:10)
  3 ice beasts
  3 black bears
  2 ogres
  5 centaurs
  A phantom (D:6)
  5 bullfrogs
  4 kobold brigands
  A necrophage (D:6)
  A scorpion (D:7)
  2 cane toad simulacra (IceCv)
  2 two-headed ogre simulacra (IceCv)
  20 wights
  An elephant simulacrum (IceCv)
  7 killer bees (D:11)
  An electric eel (D:7)
  3 howler monkeys (D:11)
  2 hounds
  A jelly (D:7)
  7 orc priests
  A gnoll bouda (D:7)
  2 iguanas
  Ijyb (D:3)
  9 orc wizards
  3 spriggan simulacra (IceCv)
  2 troll simulacra (IceCv)
  A polar bear simulacrum (IceCv)
  2 wolf simulacra (IceCv)
  3 mummies
  3 gnolls
  6 adders
  6 naga simulacra (IceCv)
  3 shadow imps
  17 white imps
  5 ufetubi (IceCv)
  3 worms
  A dart slug (D:2)
  20 orcs
  A spectral bat (Ossuary)
  11 endoplasms
  8 giant cockroaches
  11 gnoll zombies (Ossuary)
  3 goblins
  4 hobgoblins
  4 quokkas
  4 ball pythons
  8 bats
  5 bat simulacra (Ossuary)
  4 frilled lizards
  5 goblin zombies (Ossuary)
  3 hobgoblin zombies (Ossuary)
  18 kobolds
  2 kobold simulacra (Ossuary)
  6 kobold zombies
  An orc zombie (Ossuary)
  2 rats (D:1)
  A rat simulacrum (Ossuary)
  2 spectral goblins (Ossuary)
  A spectral kobold (Ossuary)
  A spectral rat (Ossuary)
308 creatures vanquished.

Vanquished Creatures (others)
  Psyche (D:8)
  3 vampire mosquito zombies (D:11)
  A cyclops zombie (D:11)
  A water moccasin zombie (D:7)
  3 yak zombies (D:9)
  2 troll zombies
  A bullfrog zombie (D:8)
  A black bear zombie (D:8)
  A scorpion zombie (D:7)
  4 killer bee zombies (D:11)
  An ice beast zombie (D:7)
  A human zombie (D:10)
  An adder zombie (D:6)
  A gnoll zombie (D:7)
  A jelly zombie (D:7)
  5 orc zombies
  A spectral white imp (IceCv)
  4 kobold zombies
  2 spectral ufetubi (IceCv)
  4 withered plants (D:3)
39 creatures vanquished.

Grand Total: 400 creatures vanquished

Notes
Turn   | Place    | Note
-------+----------+-------------------------------------------
     0 | D:1      | gorgon the Barachi Summoner began the quest for the Orb.
     0 | D:1      | Reached XP level 1. HP: 13/13 MP: 3/3
   131 | D:1      | Reached skill level 5 in Summonings
   337 | D:1      | Reached XP level 2. HP: 19/19 MP: 1/5
   466 | D:1      | Found a faded altar of an unknown god.
   688 | D:1      | Learned a level 2 spell: Call Imp
   979 | D:1      | Reached XP level 3. HP: 24/24 MP: 5/7
  1451 | D:2      | Noticed Sigmund
  1719 | D:2      | Reached skill level 6 in Summonings
  1966 | D:2      | Reached XP level 4. HP: 30/30 MP: 2/8
  2390 | D:2      | Learned a level 3 spell: Call Canine Familiar
  2636 | D:2      | Killed Sigmund
  2637 | D:2      | Reached skill level 7 in Summonings
  2637 | D:2      | Reached XP level 5. HP: 24/35 MP: 9/11
  2637 | D:2      | Reached XP level 6. HP: 28/41 MP: 9/12
  2897 | D:3      | Identified the +3 short sword of Fabulous Cruel Justice
                  | {freeze, rPois}
  3161 | D:3      | Noticed Ijyb
  3181 | D:3      | Killed Ijyb
  3182 | D:3      | Reached skill level 1 in Polearms
  3206 | D:3      | Found an ancient bone altar of Kikubaaqudgha.
  3232 | D:3      | Reached skill level 1 in Ice Magic
  3893 | D:4      | Reached skill level 8 in Summonings
  4024 | D:4      | Reached XP level 7. HP: 37/46 MP: 13/13
  4938 | D:4      | Reached skill level 9 in Summonings
  4994 | D:4      | Found a radiant altar of Vehumet.
  4994 | D:4      | Found a sacrificial altar of Ru.
  5047 | D:5      | Entered Level 5 of the Dungeon
  5135 | D:5      | Reached skill level 5 in Spellcasting
  5505 | D:5      | Reached XP level 8. HP: 31/52 MP: 15/15
  5831 | D:5      | Reached skill level 10 in Summonings
  6220 | D:6      | Found a snail-covered altar of Cheibriados.
  6253 | D:6      | Noticed Eustachio
  6292 | D:6      | Reached skill level 1 in Air Magic
  6498 | D:6      | Found a staircase to the Ecumenical Temple.
  6880 | D:5      | HP: 2/52 [Eustachio/iceblast (14)]
  6893 | D:5      | Killed Eustachio
  7780 | D:6      | Reached skill level 11 in Summonings
  7814 | Temple   | Entered the Ecumenical Temple
  7898 | Temple   | Became a worshipper of Yredelemnul the Dark
  8034 | D:6      | Reached XP level 9. HP: 57/57 MP: 18/18
  8068 | D:6      | Reached * piety under Yredelemnul
  8524 | D:7      | Reached skill level 12 in Summonings
  8593 | D:7      | Learned a level 4 spell: Summon Lightning Spire
  8614 | D:7      | Found a sand-covered staircase.
  8623 | Ossuary  | Entered an ossuary
  9131 | D:7      | Reached skill level 1 in Fire Magic
  9675 | D:7      | Reached ** piety under Yredelemnul
 10423 | D:7      | Reached skill level 13 in Summonings
 11048 | D:8      | Reached XP level 10. HP: 31/63 MP: 21/21
 11330 | D:8      | Noticed Psyche
 11358 | D:8      | Killed Psyche
 11995 | D:9      | Noticed a two-headed ogre
 12028 | D:9      | Reached skill level 14 in Summonings
 12270 | D:9      | Learned a level 6 spell: Summon Cactus Giant
 12281 | D:8      | Killed a two-headed ogre
 12282 | D:8      | Reached skill level 15 in Summonings
 12638 | D:9      | Reached XP level 11. HP: 67/68 MP: 24/24
 13098 | D:10     | Entered Level 10 of the Dungeon
 13193 | D:10     | Noticed Maggie
 13204 | D:10     | Killed Maggie
 13205 | D:10     | Reached skill level 5 in Fire Magic
 13338 | D:10     | Your ally Maggie died
 13409 | D:10     | Noticed Fannar
 13458 | D:10     | Gained mutation: You are agile. (Dex +4, Str/Int -1)
                  | [potion of mutation]
 13458 | D:10     | Gained mutation: You have a pair of small antennae on your
                  | head. [potion of mutation]
 14526 | D:11     | Found a staircase to the Lair.
 14537 | D:11     | Noticed a cyclops
 14555 | D:11     | Noticed Erolcha
 14577 | D:11     | Killed a cyclops
 14580 | D:11     | Killed Erolcha
 14581 | D:11     | Reached skill level 5 in Conjurations
 14651 | D:11     | Reached skill level 10 in Spellcasting
 14705 | D:11     | Reached *** piety under Yredelemnul
 14790 | D:11     | Found a frozen archway.
 14806 | IceCv    | Entered an ice cave
 16909 | D:11     | Noticed Urug
 16920 | D:11     | Killed Urug
 17176 | D:11     | Noticed a boulder beetle
 17219 | D:11     | Killed a boulder beetle
 17220 | D:11     | Reached XP level 12. HP: 74/74 MP: 20/26
 17714 | D:11     | HP: 2/74 [skeletal warrior/+0 dire flail (25)]
 18081 | D:11     | Reached skill level 16 in Summonings
 18490 | D:11     | Slain by a yak

Illustrated notes

Levels and vault maps discovered:
D:1:      spicycebolla_arrival_risky_transporter, layout_loops_ring,
          basic_ecumenical_altar, minmay_worlds_worst_comb
D:2:      layout_rooms, minivault_25, kennysheep_decorative_pillar,
          kennysheep_generic_room_5, uniq_sigmund
D:3:      layout_basic, kiku_gazebo_garden_becter, minmay_misc_feat_iff,
          uniq_ijyb
D:4:      layout_basic, gammafunk_temple_overflow_pools
D:5:      layout_rooms
D:6:      layout_loops_ring, slow_altar_1, minmay_temple_entry_stoned_glass,
          uniq_eustachio
D:7:      layout_basic, gup_ossuary_entry_pyramid, kennysheep_diamond
D:8:      layout_cave_pools, uniq_psyche
D:9:      layout_rooms
D:10:     statuecave_lemuel, layout_irregular_city, solitary_fountain,
          uniq_maggie, uniq_fannar
D:11:     layout_stronghold, dpeg_oklobed_lair, portal_ice_cave_entry_imps,
          minmay_misc_feat_diagonals, minmay_fractal_squares_gapless_5,
          uniq_erolcha, uniq_urug
D:12:     minmay_weird_star, layout_small_grid, hiddenorc2_lemuel, st_stairs_7,
          corexii_checkpoint_a, grunt_ministairs_15
Temple:   compressed_dpeg_circular_temple

Skill      XL: |  1  2  3  4  5  6  7  8  9 10 11 12 |
---------------+-------------------------------------+-----
Summonings     | 5 6 7 8 9 11 13 15 16 | 16.0
Spellcasting   | 3 4 5 6 7 9 10 | 10.7
Polearms       | 1 |  1.3
Ice Magic      | 1 2 |  2.0
Air Magic      | 2 3 |  3.0
Fire Magic     | 4 6 7 |  7.0
Conjurations   | 3 7 8 |  8.4
Dodging        | |  2.1
Stealth        | |  1.7

Action                   |  1- 3 |  4- 6 |  7- 9 | 10-12 || total
-------------------------+-------+-------+-------+-------++-------
Melee: Unarmed           |    30 |       |       |       ||    30
       Short sword       |     2 |    32 |   187 |    32 ||   253
       Halberd           |       |    25 |       |       ||    25
       Punch             |       |       |     1 |       ||     1
 Cast: Summon Small Mamm |    44 |    11 |    34 |    52 ||   141
       Call Imp          |    25 |     9 |    50 |    66 ||   150
       Call Canine Famil |       |    14 |    53 |    68 ||   135
       Summon Lightning  |       |       |    18 |    65 ||    83
       Summon Cactus Gia |       |       |       |    53 ||    53
Invok: Dark Bargain      |       |       |       |     1 ||     1
 Abil: Hop               |     1 |       |     2 |     9 ||    12
Evoke: Wand              |       |       |     1 |       ||     1
  Use: Potion            |       |       |     4 |     4 ||     8
       Scroll            |       |       |     4 |    13 ||    17
 Stab: Sleeping          |       |       |     6 |       ||     6
       Distracted        |       |       |     1 |     1 ||     2
Armor: Robe              |    31 |    11 |    52 |     8 ||   102
       Acid dragon scale |       |       |       |    19 ||    19
Dodge: Dodged            |    64 |    42 |   158 |    58 ||   322
